 Dungeon Crawl Stone Soup version 0.22.1-1-ga44c0e5 (webtiles) character file.

1457 Merlin the Thaumaturge (level 8, -2/58 HPs)
             Began as a Gnoll Wizard on Sept 20, 2018.
             Was an Initiate of Sif Muna.
             Shot with an arrow by a centaur (4 damage)
             ... on level 7 of the Dungeon.
             The game lasted 00:30:04 (6630 turns).

Merlin the Thaumaturge (Gnoll Wizard)               Turns: 6630, Time: 00:30:05

Health: -2/58      AC:  6    Str:  9    XL:     8   Next: 76%
Magic:  15/20      EV: 14    Int: 23    God:    Sif Muna [......]
Gold:   255        SH:  3    Dex: 14    Spells: 12/23 levels left

rFire    . . .     SeeInvis .   f - +1 dagger (elec)
rCold    + . .     Gourm    .   (no shield)
rNeg     . . .     Faith    .   a - +0 robe
rPois    .         Spirit   .   l - +0 helmet
rElec    .         Reflect  +   y - +0 cloak
rCorr    .         Harm     .   (no gloves)
MR       .....                  (no boots)
Stlth    ++........             n - +3 amulet of reflection
HPRegen  0.19/turn              k - +2 ring of protection
MPRegen  0.17/turn              r - ring of protection from cold

@: heavily drained
A: distributed training, fangs 1, strong nose
a: Renounce Religion


You were on level 7 of the Dungeon.
You worshipped Sif Muna.
Sif Muna was noncommittal.
You were near starving.

You visited 1 branch of the dungeon, and saw 7 of its levels.

You collected 255 gold pieces.

Inventory:

Hand Weapons
 f - a +1 dagger of electrocution (weapon)
 A - a +2 battleaxe
Armour
 a - a +0 robe (worn)
 b - a +0 ring mail
 e - a +0 leather armour
 l - a +0 helmet (worn)
 y - a +0 cloak (worn)
Jewellery
 k - a +2 ring of protection (left hand)
 n - a +3 amulet of reflection (around neck)
 r - a ring of protection from cold (right hand)
Wands
 h - a wand of paralysis (12)
 t - a wand of flame (55)
Scrolls
 c - a scroll of immolation {unknown}
 i - a scroll of noise {unknown}
 j - a scroll of blinking {unknown}
 o - 3 scrolls of teleportation
 p - a scroll of fear {unknown}
 q - 3 scrolls of magic mapping
 s - a scroll of enchant armour {unknown}
 v - a scroll of enchant weapon {unknown}
 w - 3 scrolls of remove curse
 B - a scroll of fog {unknown}
Potions
 g - a potion of berserk rage
 m - a potion of flight {unknown}
 u - a potion of agility
 x - a potion of lignification {unknown}
 z - a potion of haste
Comestibles
 d - 14 rations


   Skills:
 + Level 3.5(1.7) Fighting
 + Level 3.5(1.7) Short Blades
 + Level 3.5(1.7) Long Blades
 + Level 3.5(1.7) Axes
 + Level 3.5(1.7) Maces & Flails
 + Level 3.5(1.7) Polearms
 + Level 3.5(1.7) Staves
 + Level 3.5(1.7) Slings
 + Level 3.5(1.7) Bows
 + Level 3.5(1.7) Crossbows
 + Level 3.5(1.7) Throwing
 + Level 3.5(1.7) Armour
 + Level 5.8(4.0) Dodging
 + Level 5.5(3.6) Stealth
 + Level 3.5(1.7) Shields
 + Level 3.5(1.7) Unarmed Combat
 + Level 8.0(6.0) Spellcasting
 + Level 3.6(1.9) Conjurations
 + Level 2.8(1.1) Hexes
 + Level 2.8(1.1) Charms
 + Level 3.6(1.9) Summonings
 + Level 2.8(1.1) Necromancy
 + Level 3.6(1.9) Translocations
 + Level 2.8(1.1) Transmutations
 + Level 2.8(1.1) Fire Magic
 + Level 2.8(1.1) Ice Magic
 + Level 2.8(1.1) Air Magic
 + Level 2.8(1.1) Earth Magic
 + Level 2.8(1.1) Poison Magic
 + Level 3.8(2.1) Invocations
 + Level 3.5(1.7) Evocations


You had 12 spell levels left.
You knew the following spells:

 Your Spells              Type           Power        Failure   Level  Hunger
a - Magic Dart            Conj           ###.         3%          1    None
b - Blink                 Tloc           N/A          6%          2    None
c - Call Imp              Summ           ###.....     6%          2    None
d - Conjure Flame         Conj/Fire      ##......     14%         3    #......
e - Mephitic Cloud        Conj/Pois/Air  ##......     14%         3    #......

Your spell library contained the following spells:

 Spells                   Type           Power        Failure   Level  Hunger
 Beastly Appendage        Tmut           ##....       5%          1    None
 Slow                     Hex            ##......     8%          2    None
 Sticks to Snakes         Tmut           ##......     8%          2    None
 Spider Form              Tmut/Pois      ##........   16%         3    #......
 Ice Form                 Ice/Tmut       ##......     45%         4    ###....
 Blade Hands              Tmut           ##........   82%         5    #####..


Dungeon Overview and Level Annotations

Branches:
Dungeon (7/15)             Temple (0/1) D:5

Altars:
Cheibriados
Fedhas
Sif Muna
Trog
Uskayaw
Vehumet

Shops:
D:6 =?

Annotations:
D:7 Menkaure


Innate Abilities, Weirdness & Mutations

Your experience applies equally to all skills.
You have very sharp teeth.
Your uncanny sense of smell can sniff out nearby items.


Message History

* * * LOW HITPOINT WARNING * * *
The hungry ghost hits you.
You are near starving!
The scorpion stings your crimson imp but does no damage.
Your shadow imp completely misses the hungry ghost.
Your shadow imp misses the hungry ghost.
Menkaure hits your crimson imp!!
Your crimson imp dies!
A centaur comes into view.
The centaur wields a shortbow.
The centaur shoots an arrow.
The arrow hits you.
* * * LOW HITPOINT WARNING * * *
You see here an arrow.
The centaur shoots an arrow.
The arrow barely misses you.
You see here an arrow.
Casting: Call Imp (safe; 6% risk of failure)
Confirm with . or Enter, or press ? or * to list all spells.
You blink.
The centaur shoots an arrow.
The arrow hits you.
* * * LOW HITPOINT WARNING * * *
The centaur shoots an arrow.
The arrow hits you.
You die...

#..........##
#............
##..s.........
##M.##...###...
##5.####..s.....
##(### ##.......
##W.# #######.
#..## ## #@.# #
#..# # #....
#......
#c.......
....##### ...##
...#


You could see a hungry ghost, Menkaure, a centaur and a friendly shadow imp.

Vanquished Creatures
  A sky beast (D:6)
  A phantom (D:5)
  An ogre (D:4)
  A centaur (D:6)
  4 wights (D:6)
  A howler monkey (D:4)
  A crimson imp (D:4)
  4 hounds
  3 bullfrog skeletons
  3 orc priests
  3 orc wizards
  3 worker ants
  A worker ant zombie (D:6)
  3 gnolls (D:6)
  5 adders
  An adder zombie (D:5)
  6 worms
  2 dart slugs (D:1)
  3 leopard geckos
  18 orcs
  3 giant cockroaches
  8 hobgoblins
  10 jackals
  8 quokkas
  8 bats
  8 frilled lizards
  7 goblins
  A jackal skeleton (D:5)
  9 kobolds
  2 rats
129 creatures vanquished.

Vanquished Creatures (collateral kills)
  An ice beast (D:5)
  An ogre (D:4)
  A wight (D:6)
  A bullfrog zombie (D:5)
  2 adders
  A worm (D:3)
  A leopard gecko (D:5)
  An orc (D:6)
  A giant cockroach (D:2)
10 creatures vanquished.

Vanquished Creatures (others)
  An orc (D:3)
1 creature vanquished.

Grand Total: 140 creatures vanquished

Notes
Turn   | Place    | Note
-------+----------+-------------------------------------------
     0 | D:1      | Merlin the Gnoll Wizard began the quest for the Orb.
     0 | D:1      | Reached XP level 1. HP: 13/13 MP: 8/8
    86 | D:1      | Reached XP level 2. HP: 19/19 MP: 7/10
    90 | D:1      | Learned a level 2 spell: Blink
    93 | D:1      | Learned a level 2 spell: Call Imp
   334 | D:1      | Reached XP level 3. HP: 25/25 MP: 8/11
   738 | D:2      | Learned a level 3 spell: Conjure Flame
   742 | D:2      | Learned a level 3 spell: Mephitic Cloud
   759 | D:2      | Reached skill level 1 in Invocations
  1172 | D:2      | Found a blossoming altar of Fedhas.
  1200 | D:2      | Reached skill level 1 in Fighting
  1200 | D:2      | Reached skill level 1 in Short Blades
  1200 | D:2      | Reached skill level 1 in Long Blades
  1200 | D:2      | Reached skill level 1 in Axes
  1200 | D:2      | Reached skill level 1 in Maces & Flails
  1200 | D:2      | Reached skill level 1 in Polearms
  1200 | D:2      | Reached skill level 1 in Staves
  1200 | D:2      | Reached skill level 1 in Slings
  1200 | D:2      | Reached skill level 1 in Bows
  1200 | D:2      | Reached skill level 1 in Crossbows
  1200 | D:2      | Reached skill level 1 in Throwing
  1200 | D:2      | Reached skill level 1 in Armour
  1200 | D:2      | Reached skill level 1 in Shields
  1200 | D:2      | Reached skill level 1 in Unarmed Combat
  1200 | D:2      | Reached skill level 1 in Evocations
  1200 | D:2      | Reached XP level 4. HP: 32/32 MP: 9/13
  1630 | D:3      | Reached skill level 1 in Hexes
  1630 | D:3      | Reached skill level 1 in Charms
  1630 | D:3      | Reached skill level 1 in Necromancy
  1630 | D:3      | Reached skill level 1 in Transmutations
  1630 | D:3      | Reached skill level 1 in Fire Magic
  1630 | D:3      | Reached skill level 1 in Ice Magic
  1630 | D:3      | Reached skill level 1 in Air Magic
  1630 | D:3      | Reached skill level 1 in Earth Magic
  1630 | D:3      | Reached skill level 1 in Poison Magic
  2085 | D:3      | Reached XP level 5. HP: 33/37 MP: 9/14
  2659 | D:4      | Reached XP level 6. HP: 33/44 MP: 16/16
  2765 | D:4      | Reached skill level 5 in Dodging
  2992 | D:4      | Reached XP level 7. HP: 45/50 MP: 18/18
  3124 | D:4      | Found a radiant altar of Vehumet.
  3143 | D:4      | Became a worshipper of Vehumet
  3711 | D:5      | Entered Level 5 of the Dungeon
  3825 | D:5      | Reached skill level 5 in Stealth
  4067 | D:5      | Found a deep blue altar of Sif Muna.
  4071 | D:5      | Found a hide-covered altar of Uskayaw.
  4076 | D:5      | Fell from the grace of Vehumet
  4077 | D:5      | Became a worshipper of Sif Muna the Loreminder
  4143 | D:5      | Reached XP level 8. HP: 52/57 MP: 17/19
  5006 | D:5      | Found a staircase to the Ecumenical Temple.
  5151 | D:6      | Found Kecoe's Jewellery Shop.
  5414 | D:6      | Found a bloodstained altar of Trog.
  5626 | D:6      | Found a snail-covered altar of Cheibriados.
  5788 | D:6      | Found Wafruemina's Magic Scroll Shop.
  5905 | D:5      | Reached skill level 8 in Spellcasting
  6592 | D:7      | Noticed Menkaure
  6630 | D:7      | HP: 2/58 [centaur/arrow (6)]
  6630 | D:7      | Shot with an arrow by a centaur

Skill      XL: |  1  2  3  4  5  6  7  8 |
---------------+-------------------------+-----
Conjurations   | 2 3 |  3.6
Summonings     | 2 3 |  3.6
Translocations | 2 3 |  3.6
Invocations    | 1 2 3 |  3.8
Fighting       | 1 2 3 |  3.5
Short Blades   | 1 2 3 |  3.5
Long Blades    | 1 2 3 |  3.5
Axes           | 1 2 3 |  3.5
Maces & Flails | 1 2 3 |  3.5
Polearms       | 1 2 3 |  3.5
Staves         | 1 2 3 |  3.5
Slings         | 1 2 3 |  3.5
Bows           | 1 2 3 |  3.5
Crossbows      | 1 2 3 |  3.5
Throwing       | 1 2 3 |  3.5
Armour         | 1 2 3 |  3.5
Shields        | 1 2 3 |  3.5
Unarmed Combat | 1 2 3 |  3.5
Evocations     | 1 2 3 |  3.5
Hexes          | 1 2 |  2.8
Charms         | 1 2 |  2.8
Necromancy     | 1 2 |  2.8
Transmutations | 1 2 |  2.8
Fire Magic     | 1 2 |  2.8
Ice Magic      | 1 2 |  2.8
Air Magic      | 1 2 |  2.8
Earth Magic    | 1 2 |  2.8
Poison Magic   | 1 2 |  2.8
Dodging        | 5 |  5.8
Stealth        | 5 |  5.5
Spellcasting   | 8 |  8.0

Action                   |  1- 3 |  4- 6 |  7- 9 || total
-------------------------+-------+-------+-------++-------
Melee: Dagger            |    59 |   127 |   235 ||   421
       Hand axe          |     2 |       |       ||     2
       Bite              |     3 |    14 |    19 ||    36
       Punch             |       |     1 |     4 ||     5
 Cast: Magic Dart        |    54 |    41 |    55 ||   150
       Call Imp          |     2 |     2 |    13 ||    17
       Mephitic Cloud    |       |     2 |       ||     2
       Blink             |       |     1 |     5 ||     6
       Conjure Flame     |       |       |     2 ||     2
Invok: Renounce Religion |       |       |     1 ||     1
Evoke: Wand              |       |       |     1 ||     1
  Use: Scroll            |       |     6 |     3 ||     9
       Potion            |       |     1 |     1 ||     2
 Stab: Sleeping          |     1 |     4 |     1 ||     6
       Distracted        |       |     1 |     3 ||     4
       Confused          |       |     1 |       ||     1
  Eat: Chunk             |     1 |     6 |     7 ||    14
       Ration            |       |       |     1 ||     1
Armor: Robe              |     6 |    15 |    39 ||    60
Dodge: Dodged            |    40 |    74 |   141 ||   255
Block: Other             |       |    16 |    21 ||    37
       Reflection        |       |     1 |     1 ||     2
